 Dungeon Crawl Stone Soup version 0.23.2-1-ga50397a (webtiles) character file.

Game seed: 2810274877646051613

44 goulibeur the Skirmisher (level 3, 0/49 HPs)
             Began as a Draconian Berserker on May 22, 2019.
             Was a Believer of Trog.
             Slain by Sigmund
             ... wielding a +4 scythe of flaming
              (9 damage)
             ... on level 2 of the Dungeon.
             The game lasted 00:05:18 (1494 turns).

goulibeur the Skirmisher (Draconian Berserker)      Turns: 1494, Time: 00:05:19

Health: 0/49       AC:  5    Str: 24    XL:     3   Next: 39%
Magic:  3/3        EV: 13    Int:  7    God:    Trog [**....]
Gold:   92         SH:  0    Dex: 11    Spells: 2/2 levels left

rFire    . . .     SeeInvis .   a - +0 mace
rCold    . . .     Gourm    .   (no shield)
rNeg     . . .     Faith    .   (armour unavailable)
rPois    .         Spirit   .   (helmet restricted)
rElec    .         Reflect  .   (no cloak)
rCorr    .         Harm     .   (no gloves)
MR       .....                  (no boots)
Stlth    ..........             (no amulet)
HPRegen  0.16/turn              (no ring)
MPRegen  0.08/turn              (no ring)

@: berserking, very quick
A: unfitting armour, cold-blooded, AC +5
a: Berserk, Trog's Hand, Renounce Religion


You were on level 2 of the Dungeon.
You worshipped Trog.
Trog was pleased with you.
You were very hungry.

You visited 1 branch of the dungeon, and saw 2 of its levels.

You collected 92 gold pieces.

Inventory:

Hand Weapons
 a - a +0 mace (weapon)
Missiles
 j - 5 tomahawks (quivered)
Jewellery
 i - an uncursed ring of stealth {unknown}
Wands
 g - a wand of iceblast (7)
Scrolls
 e - a scroll of teleportation {unknown}
 h - a scroll of enchant weapon {unknown}
 m - a scroll of immolation {unknown}
 n - a scroll of amnesia {unknown}
Potions
 c - a potion of mutation {unknown}
 d - a potion of might {unknown}
 k - a potion of brilliance {unknown}
 l - a potion of curing {unknown}
Comestibles
 b - 4 rations
 f - a chunk of flesh


   Skills:
 + Level 3.7 Fighting
 + Level 3.4 Maces & Flails
 + Level 1.2 Throwing
 + Level 3.0 Dodging


You had 2 spell levels left.
You didn't know any spells.
Your spell library was empty.

Dungeon Overview and Level Annotations

Branches:
Dungeon (2/15)

Altars:

Annotations:
D:2 Sigmund


Innate Abilities, Weirdness & Mutations

Your plain brown scales are hard. (AC +5)
You cannot fit into any form of body armour.
You are cold-blooded and may be slowed by cold attacks.


Message History

You bump into the rock wall.
You feel less confused.
A puff of flame appears from out of thin air!
The puff of flame hits you!
Throwing (i - inventory)
j - 6 tomahawks (quivered)
Press: ? - help, Shift-Dir - straight line You throw a tomahawk.
You hear some strange, mumbled words.
Something tries to affect you, but you resist.
A red film seems to cover your vision as you go berserk!
You feel yourself moving faster!
You feel mighty!
You are feeling very hungry.
You feel a strong urge to attack something.
Something hits you!
* * * LOW HITPOINT WARNING * * *
Something burns you.
* * * LOW HITPOINT WARNING * * *
You sock something! You closely miss something. Something hits you!
You die...

.# ##.######....#....# .##
#...........###..# ..#
########....# #..## #.# ######
##..#### #.# #####...... #.#
#.........# #.# #......<..# #.##
############.........# #..#####
#....@{...(....(.....#
.......#####.##########......>..#
........)....# #.....)...#
.......####### #.........#
.......# #..)......# ########
###########


There were no monsters in sight!

Vanquished Creatures
  An ooze (D:2)
  2 dart slugs
  A ball python (D:1)
  A bat zombie (D:2)
  A giant cockroach (D:1)
  2 goblins
  6 hobgoblins
  2 jackals (D:1)
  2 kobolds (D:2)
  A quokka (D:2)
  4 bats
  4 frilled lizards
  7 rats
34 creatures vanquished.

Notes
Turn   | Place    | Note
-------+----------+-------------------------------------------
     0 | D:1      | goulibeur the Draconian Berserker began the quest for the
                  | Orb.
     0 | D:1      | Reached XP level 1. HP: 19/19 MP: 1/1
   247 | D:1      | Reached XP level 2. HP: 22/26 MP: 2/2
   905 | D:2      | Noticed Sigmund
   921 | D:2      | Reached skill level 1 in Throwing
  1004 | D:2      | Found a faded altar of an unknown god.
  1032 | D:2      | Reached XP level 3. HP: 31/31 MP: 3/3
  1034 | D:2      | Reached ** piety under Trog
  1494 | D:2      | Slain by Sigmund

Skill      XL: |  1  2 |
---------------+-------+-----
Throwing       | 1 |  1.2
Dodging        | 3 |  3.0
Fighting       | |  3.7
Maces & Flails | |  3.4

Action                   || total
-------------------------++-------
Melee: Mace              ||   113
       Tailslap          ||    12
Throw: Tomahawk          ||     3
Invok: Berserk           ||     1
  Eat: Chunk             ||     2
Armor: Skin              ||    32
Dodge: Dodged            ||    92
